 Dungeon Crawl Stone Soup version 0.28.0-49-g6dfe1f597d (webtiles) character file.

Game seed: 9098567471226312176

8141 klau3 the Cleaver (level 11, 0/84 (97) HPs)
             Began as a Minotaur Berserker on May 19, 2022.
             Was a Priest of Trog.
             Slain by a spectral orc warrior
             ... wielding a +0 hand axe
             ... summoned by Nergalle
              (8 damage)
             ... on level 10 of the Dungeon.
             The game lasted 00:22:22 (13158 turns).

klau3 the Cleaver (Minotaur Berserker)             Turns: 13158, Time: 00:22:24

HP:   0/84 (97)     AC: 20    Str: 21    XL:     11   Next: 6%
MP:   10/10         EV:  9    Int:  4    God:    Trog [***...]
Gold: 564           SH:  0    Dex: 15    Spells: 10/10 levels left

rFire   + . .      SeeInvis .   L - +1 war axe
rCold   x . .      Faith    .   (no shield)
rNeg    . . .      Spirit   .   S - +0 plate armour
rPois   .          Reflect  .   (helmet restricted)
rElec   .          Harm     .   I - +2 cloak
rCorr   .          Rampage  .   (no gloves)
Will    ++...                   o - +0 pair of boots
Stlth   ..........              R - amulet of the acrobat
HPRegen 1.24/turn               j - ring of fire
MPRegen 0.12/turn               (no ring)

@: strong-willed, on berserk cooldown, regenerating, slowed, heavily drained,
very slow
A: horns 2, retaliatory headbutt
a: Renounce Religion, Berserk, Trog's Hand


You were on level 10 of the Dungeon.
You worshipped Trog.
Trog was most pleased with you.
You visited 1 branch of the dungeon, and saw 10 of its levels.

You collected 564 gold pieces.

Inventory:

Hand Weapons
 a - a +0 hand axe
 p - the +4 flail of Vopho {venom, rF++ Str+3 Int-5}
   (You found it on level 3 of the Dungeon)

   It poisons the flesh of those it strikes.
   Str:       It affects your strength (+3).
   Int:       It affects your intelligence (-5).
   rF:        It greatly protects you from fire.
 K - a +4 vorpal spear
 L - a +1 war axe (weapon)
 M - a +0 war axe
 Q - a +0 shortbow
Missiles
 c - 16 poisoned darts (quivered)
 e - 56 bolts
 n - 168 arrows
Armour
 b - a +0 animal skin
 d - a +0 ring mail
 h - a +0 leather armour
 o - a +0 pair of boots (worn)
 t - a +0 chain mail
 G - a +0 scale mail
 I - a +2 cloak (worn)
 S - a +0 plate armour (worn)
Jewellery
 j - a ring of fire (left hand)
 r - an amulet of faith
 R - an amulet of the acrobat (around neck)
Wands
 u - a wand of charming (4)
 E - a wand of iceblast (11)
 H - a wand of paralysis (9)
 J - a wand of polymorph (19)
Scrolls
 f - a scroll of amnesia {unknown}
 g - 13 scrolls of identify {unknown}
 i - 3 scrolls of teleportation {unknown}
 k - 2 scrolls of blinking {unknown}
 m - 2 scrolls of magic mapping {unknown}
 q - 2 scrolls of fog
 y - 2 scrolls of immolation {unknown}
 B - 4 scrolls of enchant weapon
 D - a scroll of noise {unknown}
 F - 2 scrolls of vulnerability {unknown}
 N - a scroll of fear {unknown}
 P - a scroll of summoning {unknown}
Potions
 l - a potion of brilliance {unknown}
 s - 4 potions of curing {unknown}
 v - a potion of might {unknown}
 w - a potion of magic {unknown}
 x - 2 potions of flight {unknown}
 z - a potion of resistance {unknown}
 A - 2 potions of lignification {unknown}
 C - 2 potions of heal wounds {unknown}
 O - a potion of mutation {unknown}


   Skills:
 + Level 9.1 Fighting
 + Level 13.7 Axes
 + Level 1.3(8.9) Maces & Flails
 + Level 11.8 Armour
 + Level 5.4 Dodging
 + Level 1.5 Stealth


You had 10 spell levels left.
You didn't know any spells.
Your spell library was empty.

Dungeon Overview and Level Annotations

Branches:
Dungeon (10/15)            Temple (0/1) D:5            Lair (0/6) D:9
    Orc: D:9-12

Altars:
Ashenzari
Dithmenos
Elyvilon
Hepliaklqana
Makhleb
Nemelex Xobeh
Qazlal
Ru
Sif Muna
Trog
Vehumet
Yredelemnul
The Shining One
Lugonu

Shops:
D:1 ***=

Portals:
Abyss: D:3

Annotations:
D:10 Gastronok, Nergalle


Innate Abilities, Weirdness & Mutations

You have a pair of horns on your head.
You reflexively headbutt those who attack you in melee.


Message History

The spectral orc warrior hits you but does no damage.
Nergalle hits you but does no damage.
As you read the scroll labelled KAPLEU BADDUGE, it crumbles to dust.
The scroll dissolves into smoke.
It was a scroll of fog.
The spectral orc warrior hits you but does no damage. x2
Nergalle hits you but does no damage.
The spectral orc warrior barely misses you.
The spectral orc warrior misses you. Gastronok bites you!
* * * LOW HITPOINT WARNING * * *
Your skin crawls.
You feel strong-willed.
The spectral orc warrior hits you but does no damage.
Nergalle barely misses you.
The spectral orc warrior hits you but does no damage.
The spectral orc warrior hits you with a +0 mace.
* * * LOW HITPOINT WARNING * * *
You feel drained.
* * * LOW HITPOINT WARNING * * *
Nergalle hits you but does no damage.
You hit Nergalle.
Nergalle is almost dead.
You hit the spectral orc warrior.
You barely miss the spectral orc warrior.
You slash Gastronok!
The spectral orc warrior hits you with a +0 hand axe.
* * * LOW HITPOINT WARNING * * *
The spectral orc warrior hits you but does no damage.
The spectral orc warrior closely misses you.
Gastronok bites you.
* * * LOW HITPOINT WARNING * * *
Nergalle gestures at you while chanting.
Orcish apparitions take form around you.
You slash the spectral orc warrior!
The spectral orc warrior is heavily damaged.
You slash the spectral orc warrior!
You destroy the spectral orc warrior!
The spectral orc warrior disappears in a puff of smoke!
You slash Gastronok! You hit Nergalle but do no damage.
The spectral orc warrior hits you with a +0 hand axe!
You die...

.. ..## ##..# #..#
.##..#
#..####......#
........ ..##
###....# ...###
##....# #Z§Z.
###.....## #o§#
##...#...# #@Z#
....###..# #w§#
..### #..## #§§#
..# ##..# ##..#
### #..# #..###
#...# ##..# #..#
#....###...###...#
#..#
##...........<.#
#...
#......##....##
.....
#...######...#


You could see Gastronok, Nergalle, a spectral orc (summoned), a spectral orc
warrior (summoned, fast) and a spectral orc knight (summoned).

Vanquished Creatures
  Pikel (D:6)
  2 centaur zombies
  A gargoyle (D:9)
  A tengu conjurer (D:8)
  A troll (D:10)
  Sigmund (D:3)
  11 yaks
  3 steam dragons
  Menkaure (D:6)
  5 water moccasins
  3 orc warriors (D:9)
  An ice beast (D:7)
  A hornet zombie (D:6)
  2 black bears
  2 necrophages
  An ogre (D:4)
  3 centaurs
  2 phantoms (D:4)
  2 kobold brigands
  3 bullfrogs
  A wyvern zombie (D:7)
  A gnoll sergeant (D:7)
  5 scorpions
  6 killer bees
  3 howler monkeys
  Crazy Yiuf (D:6)
  3 centaur skeletons
  2 gnoll shamans
  A hound (D:6)
  4 orc priests
  2 bullfrog skeletons
  4 iguanas (D:5)
  Natasha (twice) (D:3)
  6 orc wizards
  A hound skeleton (D:5)
  A hound zombie (D:5)
  A howler monkey zombie (D:9)
  12 gnolls
  3 howler monkey skeletons
  13 adders
  A shadow imp (D:5)
  An ufetubus (D:5)
  A worm (D:2)
  5 dart slugs
  20 orcs
  7 ball pythons
  3 endoplasms
  A giant cockroach (D:4)
  3 goblins
  A hobgoblin (D:3)
  7 jackals
  9 kobolds
  3 quokkas
  3 bats
  7 frilled lizards
  5 rats
196 creatures vanquished.

Vanquished Creatures (others)
  4 plants (D:9)
4 creatures vanquished.

Grand Total: 200 creatures vanquished

Notes
Turn   | Place    | Note
-------+----------+-------------------------------------------
     0 | D:1      | klau3 the Minotaur Berserker began the quest for the Orb.
     0 | D:1      | Reached XP level 1. HP: 19/19 MP: 0/0
    42 | D:1      | Found Woci Faja's General Store.
    73 | D:1      | Found Siepepet's General Store.
   258 | D:1      | Reached XP level 2. HP: 26/27 MP: 1/1
   293 | D:1      | Reached skill level 4 in Axes
   307 | D:1      | Found Zojeoser's Assorted Antiques.
   552 | D:1      | Found Uplur's Jewellery Shop.
   685 | D:2      | Reached XP level 3. HP: 28/33 MP: 2/2
   936 | D:2      | Found a faded altar of an unknown god.
  1839 | D:3      | Reached XP level 4. HP: 31/40 MP: 3/3
  2240 | D:3      | Identified the +4 flail of Vopho {venom, rF++ Str+3 Int-5}
  2242 | D:3      | Lost intelligence.
  2306 | D:3      | Found a large runed translucent door.
  2306 | D:3      | Found a large runed translucent door.
  2307 | D:3      | Found a corrupted altar of Lugonu.
  2345 | D:3      | Reached ** piety under Trog
  2349 | D:3      | Reached skill level 5 in Axes
  2524 | D:3      | Noticed Natasha
  2534 | D:3      | Killed Natasha
  2535 | D:3      | Reached XP level 5. HP: 26/47 MP: 4/4
  2536 | D:3      | Noticed Sigmund
  2551 | D:3      | Killed Sigmund
  2552 | D:3      | Reached skill level 1 in Maces & Flails
  2552 | D:3      | Reached XP level 6. HP: 24/53 MP: 5/5
  2912 | D:3      | Found a one-way gate to the infinite horrors of the Abyss.
  2928 | D:3      | Noticed Natasha
  2936 | D:3      | Killed Natasha
  3119 | D:4      | Reached skill level 6 in Axes
  3239 | D:4      | Reached skill level 5 in Armour
  3274 | D:4      | Reached skill level 1 in Stealth
  3353 | D:4      | Reached XP level 7. HP: 60/60 MP: 6/6
  3428 | D:4      | Reached skill level 5 in Fighting
  3428 | D:4      | Reached skill level 7 in Axes
  3751 | D:4      | Found a broken altar of Ashenzari.
  4399 | D:5      | Entered Level 5 of the Dungeon
  4577 | D:5      | Found a staircase to the Ecumenical Temple.
  4919 | D:5      | Reached skill level 8 in Axes
  5075 | D:5      | Found a basalt altar of Yredelemnul.
  5084 | D:5      | Found a hazy altar of Hepliaklqana.
  5220 | D:5      | Found a burning altar of Makhleb.
  5369 | D:5      | Reached *** piety under Trog
  5379 | D:5      | Reached XP level 8. HP: 69/69 MP: 7/7
  5780 | D:6      | Noticed Pikel
  5790 | D:6      | Killed Pikel
  5791 | D:6      | Reached skill level 9 in Axes
  6187 | D:6      | Noticed Menkaure
  6191 | D:6      | Killed Menkaure
  6340 | D:6      | Found a sacrificial altar of Ru.
  6355 | D:6      | Reached skill level 10 in Axes
  6355 | D:6      | Reached XP level 9. HP: 75/75 MP: 8/8
  6982 | D:6      | Reached skill level 11 in Axes
  7030 | D:6      | Found a runed translucent door.
  7031 | D:6      | Noticed Crazy Yiuf
  7105 | D:6      | Found a shimmering blue altar of Sif Muna.
  7220 | D:6      | Killed Crazy Yiuf
  7661 | D:7      | Found a glowing golden altar of the Shining One.
  7739 | D:7      | Found a white marble altar of Elyvilon.
  8822 | D:7      | Found a radiant altar of Vehumet.
  9934 | D:8      | Noticed a tengu conjurer
  9944 | D:8      | Killed a tengu conjurer
  9945 | D:8      | Reached skill level 12 in Axes
  9945 | D:8      | Reached XP level 10. HP: 88/88 MP: 9/9
 10053 | D:8      | Reached skill level 10 in Armour
 10469 | D:8      | Found a sparkling altar of Nemelex Xobeh.
 10495 | D:8      | Found a bloodstained altar of Trog.
 10527 | D:8      | Found a stormy altar of Qazlal.
 10529 | D:8      | Found a shadowy altar of Dithmenos.
 11132 | D:9      | Reached skill level 5 in Dodging
 11288 | D:9      | Noticed a gargoyle
 11294 | D:9      | Killed a gargoyle
 11537 | D:9      | Found a staircase to the Lair.
 11556 | D:9      | Reached skill level 13 in Axes
 12268 | D:9      | Reached **** piety under Trog
 12749 | D:10     | Entered Level 10 of the Dungeon
 12761 | D:10     | Noticed Gastronok
 12762 | D:10     | Reached XP level 11. HP: 97/97 MP: 10/10
 13125 | D:10     | Noticed Nergalle
 13158 | D:10     | Slain by a spectral orc warrior

Illustrated notes

Levels and vault maps discovered:
D:1:      dpeg_arrival_concentric_ovals, layout_basic, serial_shops,
          nicolae_square_shop, nicolae_shop_crystal, nicolae_shop_trees,
          nicolae_diamond_shop
D:2:      layout_rooms, shapermc_ecumenical_altar_venn, st_stairs_4
D:3:      due_chaos_kobolds, layout_basic, uniq_sigmund, uniq_natasha
D:4:      layout_gridville, mainiacjoe_overflow_alcove_1
D:5:      cheibrodos_quashed, layout_loops_ring, mainiacjoe_overflow_24_doors,
          mainiacjoe_overflow_swirl, minmay_temple_entry_statues_pillars
D:6:      layout_loops_ring, kennysheep_little_box, old_standard_altar,
          hangedman_decor_points, uniq_pikel, uniq_crazy_yiuf_cottage,
          uniq_menkaure
D:7:      layout_basic, mainiacjoe_overflow_small_starburst,
          mainiacjoe_overflow_brackets, mainiacjoe_overflow_alcove_4
D:8:      layout_gridville, nicolae_overflow_hidden_temple
D:9:      nzn_winding_woodlands_small [nzn_winding_woodlands_5x15_lazy_stream,
          nzn_winding_woodlands_center_lodge,
          nzn_winding_woodlands_5x15_sawtooth], layout_grid_maze,
          lair_entry_dummy
D:10:     layout_layer_cave, uniq_grum, uniq_nergalle, uniq_gastronok

Skill      XL: |  1  2  3  4  5  6  7  8  9 10 |
---------------+-------------------------------+-----
Fighting       | 4 5 6 7 9 |  9.1
Axes           | 4 5 6 8 10 12 13 | 13.7
Armour         | 3 4 5 6 8 9 11 | 11.8
Maces & Flails | 1 |  1.3
Dodging        | 3 4 5 |  5.4
Stealth        | 1 |  1.5

Action                   |  1- 3 |  4- 6 |  7- 9 | 10-12 || total
-------------------------+-------+-------+-------+-------++-------
Melee: Hand axe          |    67 |    75 |   289 |       ||   431
       Headbutt          |     5 |    17 |    68 |    50 ||   140
       Flail             |       |     4 |       |       ||     4
       Punch             |       |     2 |     5 |     4 ||    11
       War axe           |       |       |    49 |   174 ||   223
Invok: Berserk           |     1 |     1 |     9 |     5 ||    16
       Trog's Hand       |       |       |       |     2 ||     2
Evoke: Wand              |       |       |       |     1 ||     1
  Use: Scroll            |       |       |       |     2 ||     2
Armor: Ring mail         |    30 |    15 |       |       ||    45
       Animal skin       |     2 |       |       |       ||     2
       Chain mail        |       |    32 |   184 |    88 ||   304
       Plate armour      |       |       |       |    37 ||    37
Dodge: Dodged            |    68 |    40 |   159 |    84 ||   351
